Sasquatch vs Harfangs
Created - 27 janvier 2014 at 19:05
Goals
|
| Sasquatch |
1 |
1 |
2 |
4 |
| Harfangs |
2 |
0 |
1 |
3 |
|
Shots
|
| Sasquatch |
8 |
13 |
8 |
29 |
| Harfangs |
11 |
14 |
11 |
36 |
|
1st period
1. Harfangs , Matt Keith 5 (James Wisniewski, Victor Bartley) at 7:25
2. Harfangs , Pavel Vorobiev 22 (Dustin Jeffrey, Petri Kontiola) at 16:21
3. Sasquatch , Kevin Porter 31 (D.J King) at 16:25
Penalties :
Victor Bartley (BEA) for Cross-checking (Minor) at 7:47, Cam Atkinson (Gat) for Interference (Minor) at 11:58
2nd period
4. Sasquatch , Andrew Gordon 20 (Krys Kolanos) at 4:06
Penalties :
Matt Niskanen (Gat) for Holding (Minor) at 9:01, Krys Kolanos (Gat) for Hooking (Minor) at 12:45
3rd period
5. Sasquatch , Kevin Porter 32 (Kevin Shattenkirk, Bates Battaglia) at 4:34 (PP)
6. Sasquatch , Kevin Porter 33 (Rostislav Klesla, D.J King) at 5:04 (SH)
7. Harfangs , Stefan Ruzicka 20 (Peter Olvecky) at 8:47 (PP)
Penalties :
Pavel Vorobiev (BEA) for Hooking (Minor) at 3:38, Matt Beleskey (Gat) for Tripping (Minor) at 4:49, Keith Yandle (Gat) for Tripping (Minor) at 8:05, Kevin Shattenkirk (Gat) for Tripping (Minor) at 10:39, Konstantin Pushkarev (Gat) for High sticking (Minor) at 16:26
Goalie Stats
Cory Schneider (Gat), 33 saves from 36 shots - (0,917), W, 19-11-3, 60:00 minutes
Ray Emery (BEA), 25 saves from 29 shots - (0,862), L, 18-10-5, 58:43 minutes
Players Stats for Sasquatch
Player Name G A P +/- PIM S H SB GA TA FO MP PP MP PK MP
------------------------------------------------------------------------------------
Andrew Gordon 1 0 1 0 0 1 2 0 0 1 1/2 15:01 0:00 3:51
Bates Battaglia 0 1 1 0 0 3 2 0 1 0 0/0 16:35 1:56 1:56
Cam Atkinson 0 0 0 0 2 0 0 0 0 0 0/1 13:10 0:00 0:00
D.J King 0 2 2 1 0 2 0 0 0 0 2/2 21:40 0:59 6:43
David Desharnais 0 0 0 0 0 1 2 0 0 0 1/3 12:04 0:00 4:08
Derek Stepan 0 0 0 0 0 2 2 0 1 0 4/6 12:55 0:59 0:00
Eric Tangradi 0 0 0 0 0 1 2 0 0 0 0/0 9:59 0:00 1:53
Jake Gardiner 0 0 0 1 0 0 1 2 1 0 0/0 22:56 0:58 4:48
Keith Yandle 0 0 0 1 2 1 1 1 0 0 0/0 22:49 0:58 4:42
Kevin Porter 3 0 3 1 0 8 0 1 0 0 13/31 22:42 1:56 6:41
Kevin Shattenkirk 0 1 1 -1 2 0 0 1 0 0 0/0 16:05 1:57 0:32
Konstantin Pushkarev 0 0 0 0 2 3 0 0 0 0 0/0 9:40 1:56 0:00
Krys Kolanos 0 1 1 0 2 0 3 2 0 1 1/4 10:23 0:00 0:00
Matt Beleskey 0 0 0 0 2 0 3 0 0 0 0/1 10:03 0:00 0:00
Matt Ellison 0 0 0 0 0 2 1 0 0 1 0/0 12:55 0:59 0:00
Matt Niskanen 0 0 0 1 2 4 1 1 1 1 0/0 23:31 1:57 6:20
Rostislav Klesla 0 1 1 1 0 1 2 2 1 3 0/0 21:50 0:00 7:48
Yann Sauvé 0 0 0 -1 0 0 0 2 0 1 0/0 12:59 0:00 1:02
Players Stats for Harfangs
Player Name G A P +/- PIM S H SB GA TA FO MP PP MP PK MP
------------------------------------------------------------------------------------
Alex Killorn 0 0 0 -3 0 1 2 0 0 1 13/23 19:22 6:42 0:00
Angelo Esposito 0 0 0 1 0 1 0 0 0 0 0/1 10:46 0:00 0:00
Boyd Gordon 0 0 0 0 0 0 2 0 0 0 0/1 9:37 0:28 0:51
Brett Carson 0 0 0 -1 0 2 2 1 0 2 0/0 22:06 7:35 2:04
Dustin Jeffrey 0 1 1 1 0 3 2 0 0 0 0/0 18:34 5:22 0:07
James Wisniewski 0 1 1 -1 0 3 0 2 2 0 0/0 27:19 6:58 2:04
Janne Niskala 0 0 0 0 0 2 2 1 2 0 0/0 21:35 5:28 0:51
Luca Caputi 0 0 0 0 0 2 1 0 0 0 0/0 8:24 0:11 0:00
Matt Keith 1 0 1 1 0 2 0 0 1 1 0/0 12:35 0:07 0:00
Michal Repik 0 0 0 0 0 2 1 0 0 0 0/1 7:42 0:00 0:00
Nick Holden 0 0 0 0 0 0 1 1 0 0 0/0 14:07 0:00 0:00
Pavel Vorobiev 1 0 1 1 2 5 2 0 2 0 0/0 17:59 5:26 0:59
Peter Olvecky 0 1 1 -3 0 0 2 0 0 0 0/2 21:16 7:03 1:49
Petri Kontiola 0 1 1 1 0 2 0 2 0 0 8/14 20:05 5:26 1:54
Sasha Pokulok 0 0 0 0 0 0 0 1 0 1 0/0 14:06 0:10 0:51
Stefan Ruzicka 1 0 1 -3 0 7 3 0 1 0 2/2 19:47 7:03 0:00
Stephane Da Costa 0 0 0 1 0 1 1 0 0 0 5/6 10:56 0:00 0:10
Victor Bartley 0 1 1 0 2 3 1 4 0 0 0/0 20:47 5:01 0:00
3 Stars
1 - Kevin Porter (Gat)
2 - Andrew Gordon (Gat)
3 - D.J King (Gat)
Power Play
Sasquatch - 1 on 2 Attempt(s) - 50,00%
Harfangs - 1 on 7 Attempt(s) - 14,29%
Penalty Kill
Sasquatch - 6 on 7 Attempt(s) - 85,71%
- Score 1 goal in Penalty Kill
Harfangs - 1 on 2 Attempt(s) - 50,00%
- Score 0 goal in Penalty Kill
Official
Referees : StPierre Justin and Watson Brad
Linesman : Pierre Champoux and Bryan Pancich
Game Notes
Kevin Porter has scored a Hat Trick!
Finance
Level 1 -- Attendance: 1459 (72,95%) -- Ticket Income 43 770 $
Level 2 -- Attendance: 689 (68,90%) -- Ticket Income 10 335 $
Total Attendance: 2148 (71,60%)
Total Ticket Income: 54 105 $
Other Income: 2 705 $
Total Income: 56 810 $
Sasquatch
5 vs 5 Forward
Center Left Wing Right Wing Time % Phy DF OF
1 Kevin Porter D.J King Cam Atkinson 40 1 2 2
2 Derek Stepan Bates Battaglia Matt Ellison 30 1 2 2
3 Krys Kolanos Matt Beleskey Andrew Gordon 20 1 2 2
4 David Desharnais Eric Tangradi Konstantin Pushkarev 10 1 2 2
5 vs 5 Defense
Defense Defense Time % Phy DF OF
1 Keith Yandle Jake Gardiner 40 1 2 2
2 Kevin Shattenkirk Matt Niskanen 30 1 2 2
3 Yann Sauvé Rostislav Klesla 20 1 2 2
4 Rostislav Klesla Matt Niskanen 10 1 2 2
PowerPlay Forward
Center Left Wing Right Wing Time % Phy DF OF
1 Kevin Porter Bates Battaglia Konstantin Pushkarev 60 1 2 2
2 Derek Stepan D.J King Matt Ellison 40 1 2 2
PowerPlay Defense
Defense Defense Time % Phy DF OF
1 Kevin Shattenkirk Matt Niskanen 60 1 2 2
2 Keith Yandle Jake Gardiner 40 1 2 2
Penalty Kill 4 Players Forward
Center Wing Time % Phy DF OF
1 Kevin Porter D.J King 60 1 2 2
2 David Desharnais Andrew Gordon 40 1 2 2
Penalty Kill 4 Players Defense
Defense Defense Time % Phy DF OF
1 Rostislav Klesla Matt Niskanen 60 1 2 2
2 Keith Yandle Jake Gardiner 40 1 2 2
Penalty Kill - 3 Players Forward
Forward Time % Phy DF OF
1 Kevin Porter 60 1 2 2
2 David Desharnais 40 1 2 2
Penalty Kill - 3 Players Defense
Defense Defense Time % Phy DF OF
1 Rostislav Klesla Matt Niskanen 60 1 2 2
2 Keith Yandle Jake Gardiner 40 1 2 2
4 vs 4 Forward
Center Wing Time % Phy DF OF
1 Kevin Porter Andrew Gordon 60 1 2 2
2 Krys Kolanos D.J King 40 1 2 2
4 vs 4 Defense
Defense Defense Time % Phy DF OF
1 Rostislav Klesla Matt Niskanen 60 1 2 2
2 Keith Yandle Jake Gardiner 40 1 2 2
Last Minutes Offensive
Center Left Wing Right Wing Defense Defense
Kevin Porter D.J King Matt Ellison Keith Yandle Kevin Shattenkirk
Last Minutes Defensive
Center Left Wing Right Wing Defense Defense
Kevin Porter D.J King Andrew Gordon Jake Gardiner Matt Niskanen
Goaltenders
Starting : Cory Schneider
Backup : Anders Lindback
Extra Forwards
Normal : David Desharnais, Konstantin Pushkarev, Cam Atkinson - PP : Matt Beleskey, Konstantin Pushkarev - PK : Eric Tangradi
Extra Defensemen
Normal : Kevin Shattenkirk, Yann Sauvé, Jake Gardiner - PP : Matt Niskanen - PK : Yann Sauvé, Keith Yandle
Penalty Shots
Cam Atkinson, Bates Battaglia, Krys Kolanos, Matt Ellison, Kevin Porter
Harfangs
5 vs 5 Forward
Center Left Wing Right Wing Time % Phy DF OF
1 Alex Killorn Peter Olvecky Stefan Ruzicka 40 1 2 2
2 Petri Kontiola Dustin Jeffrey Pavel Vorobiev 30 1 2 2
3 Stephane Da Costa Angelo Esposito Matt Keith 20 1 2 2
4 Boyd Gordon Luca Caputi Michal Repik 10 1 2 2
5 vs 5 Defense
Defense Defense Time % Phy DF OF
1 James Wisniewski Victor Bartley 40 1 2 2
2 Janne Niskala Nick Holden 30 1 2 2
3 Sasha Pokulok Brett Carson 20 1 2 2
4 James Wisniewski Janne Niskala 10 1 2 2
PowerPlay Forward
Center Left Wing Right Wing Time % Phy DF OF
1 Alex Killorn Peter Olvecky Stefan Ruzicka 60 1 2 2
2 Petri Kontiola Dustin Jeffrey Pavel Vorobiev 40 1 2 2
PowerPlay Defense
Defense Defense Time % Phy DF OF
1 James Wisniewski Brett Carson 60 1 2 2
2 Janne Niskala Victor Bartley 40 1 2 2
Penalty Kill 4 Players Forward
Center Wing Time % Phy DF OF
1 Petri Kontiola Pavel Vorobiev 60 1 2 2
2 Boyd Gordon Peter Olvecky 40 1 2 2
Penalty Kill 4 Players Defense
Defense Defense Time % Phy DF OF
1 James Wisniewski Brett Carson 60 1 2 2
2 Janne Niskala Sasha Pokulok 40 1 2 2
Penalty Kill - 3 Players Forward
Forward Time % Phy DF OF
1 Petri Kontiola 60 1 2 2
2 Boyd Gordon 40 1 2 2
Penalty Kill - 3 Players Defense
Defense Defense Time % Phy DF OF
1 James Wisniewski Brett Carson 60 1 2 2
2 Janne Niskala Sasha Pokulok 40 1 2 2
4 vs 4 Forward
Center Wing Time % Phy DF OF
1 Alex Killorn Stefan Ruzicka 60 1 2 2
2 Petri Kontiola Pavel Vorobiev 40 1 2 2
4 vs 4 Defense
Defense Defense Time % Phy DF OF
1 James Wisniewski Brett Carson 60 1 2 2
2 Janne Niskala Victor Bartley 40 1 2 2
Last Minutes Offensive
Center Left Wing Right Wing Defense Defense
Petri Kontiola Peter Olvecky Stefan Ruzicka James Wisniewski Janne Niskala
Last Minutes Defensive
Center Left Wing Right Wing Defense Defense
Boyd Gordon Peter Olvecky Pavel Vorobiev James Wisniewski Janne Niskala
Goaltenders
Starting : Ray Emery
Backup : Marek Schwarz
Extra Forwards
Normal : Pavel Vorobiev, Stefan Ruzicka, Alex Killorn - PP : Pavel Vorobiev, Stefan Ruzicka - PK : Pavel Vorobiev
Extra Defensemen
Normal : James Wisniewski, Janne Niskala, Brett Carson - PP : James Wisniewski - PK : James Wisniewski, Sasha Pokulok
Penalty Shots
Pavel Vorobiev, Boyd Gordon, Matt Keith, James Wisniewski, Petri Kontiola
% Time on Ice - Sasquatch
Lines # - Real PCT - Wanted PCT - Time Play
Normal Forward
1 - 32% - 40% - 13:49
2 - 28% - 30% - 11:56
3 - 23% - 20% - 10:00
4 - 17% - 10% - 7:34
Normal Defense
1 - 43% - 40% - 18:29
2 - 31% - 30% - 13:32
3 - 21% - 20% - 9:10
4 - 5% - 10% - 2:08
PP Forward
1 - 66% - 60% - 1:56
2 - 34% - 40% - 0:59
PP Defense
1 - 67% - 60% - 1:57
2 - 33% - 40% - 0:58
PK Forward
1 - 69% - 60% - 8:45
2 - 31% - 40% - 3:51
PK Defense
1 - 62% - 60% - 7:48
2 - 38% - 40% - 4:48
PK3 Forward
1 - 0% - 60%
2 - 0% - 40%
PK3 Defense
1 - 0% - 60%
2 - 0% - 40%
44 Forward
1 - 0% - 60%
2 - 0% - 40%
44 Defense
1 - 0% - 60%
2 - 0% - 40%
Last Minute Offensive - 0:00
Last Minute Defensive - 1:10
Total
Forward - 60:00
Defense - 60:00
|
% Time on Ice - Harfangs
Lines # - Real PCT - Wanted PCT - Time Play
Normal Forward
1 - 31% - 40% - 13:16
2 - 27% - 30% - 11:34
3 - 25% - 20% - 10:46
4 - 18% - 10% - 7:42
Normal Defense
1 - 37% - 40% - 16:08
2 - 34% - 30% - 14:55
3 - 26% - 20% - 11:24
4 - 2% - 10% - 0:51
PP Forward
1 - 57% - 60% - 7:10
2 - 43% - 40% - 5:26
PP Defense
1 - 57% - 60% - 7:08
2 - 43% - 40% - 5:28
PK Forward
1 - 85% - 60% - 2:29
2 - 15% - 40% - 0:26
PK Defense
1 - 71% - 60% - 2:04
2 - 29% - 40% - 0:51
PK3 Forward
1 - 0% - 60%
2 - 0% - 40%
PK3 Defense
1 - 0% - 60%
2 - 0% - 40%
44 Forward
1 - 0% - 60%
2 - 0% - 40%
44 Defense
1 - 0% - 60%
2 - 0% - 40%
Last Minute Offensive - 1:11
Last Minute Defensive - 0:00
Total
Forward - 60:00
Defense - 60:00
|
Play by Play
1st period
0:01 of 1st period - Kevin Porter wins face-off versus Alex Killorn in neutral zone.
0:04 of 1st period - Wrist shot by Kevin Porter.
0:04 of 1st period - Stopped by Ray Emery with a rebound.
0:06 of 1st period - Slapshot by Jake Gardiner.
0:06 of 1st period - Shot Blocked by Victor Bartley.
0:08 of 1st period - Slapshot by Kevin Porter.
0:08 of 1st period - Shot Blocked by Victor Bartley.
0:34 of 1st period - Snap shot by Petri Kontiola.
0:34 of 1st period - Stopped by Cory Schneider with a rebound.
0:36 of 1st period - Wrist shot by Petri Kontiola.
0:36 of 1st period - Deflect By Pavel Vorobiev.
0:36 of 1st period - Stopped by Cory Schneider with a rebound.
0:52 of 1st period - Slapshot by Janne Niskala.
0:52 of 1st period - Deflect By Luca Caputi.
0:52 of 1st period - Stopped by Cory Schneider with a rebound.
0:58 of 1st period - Wrist shot by Andrew Gordon.
0:58 of 1st period - Shot Misses the Net.
1:10 of 1st period - Snap shot by Konstantin Pushkarev.
1:10 of 1st period - Stopped by Ray Emery with a rebound.
2:19 of 1st period - Wrist shot by Andrew Gordon.
2:19 of 1st period - Shot Blocked by Sasha Pokulok.
2:35 of 1st period - Slapshot by Rostislav Klesla.
2:35 of 1st period - Shot Misses the Net.
2:58 of 1st period - Off-side.
2:59 of 1st period - D.J King wins face-off versus Peter Olvecky in neutral zone.
3:04 of 1st period - Snap shot by D.J King.
3:04 of 1st period - Stopped by Ray Emery with a rebound.
4:29 of 1st period - Backhand shot by Kevin Porter.
4:29 of 1st period - Shot Misses the Net.
4:31 of 1st period - Slapshot by Keith Yandle.
4:31 of 1st period - Shot Misses the Net.
4:33 of 1st period - Snap shot by D.J King.
4:33 of 1st period - Stopped by Ray Emery without a rebound.
4:34 of 1st period - Alex Killorn wins face-off versus Cam Atkinson in Harfangs zone.
5:09 of 1st period - Slapshot by Bates Battaglia.
5:09 of 1st period - Shot Hit the Post.
5:21 of 1st period - Brett Carson is hit by Matt Beleskey.
6:05 of 1st period - David Desharnais is hit by Alex Killorn and loses puck.
6:29 of 1st period - Wrist shot by Matt Ellison.
6:29 of 1st period - Deflect By Bates Battaglia.
6:29 of 1st period - Shot Misses the Net.
6:29 of 1st period - Puck is out of play.
6:30 of 1st period - Kevin Porter wins face-off versus Petri Kontiola in Harfangs zone.
7:19 of 1st period - Snap shot by Stephane Da Costa.
7:19 of 1st period - Shot Blocked by Yann Sauvé.
7:21 of 1st period - Slapshot by Victor Bartley.
7:21 of 1st period - Shot Blocked by Yann Sauvé.
7:23 of 1st period - Slapshot by James Wisniewski.
7:23 of 1st period - Stopped by Cory Schneider with a rebound.
7:25 of 1st period - Snap shot by Matt Keith.
7:25 of 1st period - Goal by Matt Keith - Sasquatch : 0 - Harfangs : 1.
7:26 of 1st period - Alex Killorn wins face-off versus Kevin Porter in neutral zone.
7:47 of 1st period - Minor Penalty to Victor Bartley for Cross-checking.
7:48 of 1st period - Kevin Porter wins face-off versus Petri Kontiola in Harfangs zone.
9:47 of 1st period - Penalty to Victor Bartley is over, Victor Bartley is back on ice.
10:20 of 1st period - Yann Sauvé is hit by Victor Bartley and loses puck.
10:27 of 1st period - Snap shot by Janne Niskala.
10:27 of 1st period - Stopped by Cory Schneider without a rebound.
10:28 of 1st period - Stephane Da Costa wins face-off versus Krys Kolanos in Sasquatch zone.
10:33 of 1st period - Slapshot by Janne Niskala.
10:33 of 1st period - Shot Blocked by Krys Kolanos.
10:41 of 1st period - Slapshot by Matt Niskanen.
10:41 of 1st period - Shot Blocked by Janne Niskala.
11:20 of 1st period - Snap shot by Stefan Ruzicka.
11:20 of 1st period - Stopped by Cory Schneider with a rebound.
11:36 of 1st period - Slapshot by Michal Repik.
11:36 of 1st period - Deflect By Konstantin Pushkarev.
11:36 of 1st period - Stopped by Cory Schneider without a rebound.
11:37 of 1st period - Petri Kontiola wins face-off versus Kevin Porter in Sasquatch zone.
11:52 of 1st period - Wrist shot by Petri Kontiola.
11:52 of 1st period - Shot Misses the Net.
11:58 of 1st period - Minor Penalty to Cam Atkinson for Interference.
11:59 of 1st period - Alex Killorn wins face-off versus Kevin Porter in Sasquatch zone.
12:24 of 1st period - Rostislav Klesla is hit by Pavel Vorobiev and loses puck.
13:05 of 1st period - Keith Yandle is hit by Dustin Jeffrey.
13:31 of 1st period - Keith Yandle is hit by Pavel Vorobiev.
13:47 of 1st period - Pavel Vorobiev is hit by David Desharnais and loses puck.
13:58 of 1st period - Penalty to Cam Atkinson is over, Cam Atkinson is back on ice.
14:02 of 1st period - Slapshot by Janne Niskala.
14:02 of 1st period - Shot Misses the Net.
14:23 of 1st period - Stephane Da Costa is hit by Matt Beleskey.
14:27 of 1st period - Nick Holden is hit by Krys Kolanos and loses puck.
15:20 of 1st period - Snap shot by Pavel Vorobiev.
15:20 of 1st period - Stopped by Cory Schneider with a rebound.
15:50 of 1st period - Keith Yandle is hit by Brett Carson and loses puck.
16:15 of 1st period - Backhand shot by Kevin Porter.
16:15 of 1st period - Stopped by Ray Emery without a rebound.
16:16 of 1st period - Petri Kontiola wins face-off versus Kevin Porter in Harfangs zone.
16:21 of 1st period - Wrist shot by Pavel Vorobiev.
16:21 of 1st period - Goal by Pavel Vorobiev - Sasquatch : 0 - Harfangs : 2.
16:22 of 1st period - Kevin Porter wins face-off versus Alex Killorn in neutral zone.
16:25 of 1st period - Wrist shot by Kevin Porter.
16:25 of 1st period - Goal by Kevin Porter - Sasquatch : 1 - Harfangs : 2.
16:26 of 1st period - Kevin Porter wins face-off versus Alex Killorn in neutral zone.
16:33 of 1st period - Snap shot by Kevin Porter.
16:33 of 1st period - Shot Blocked by Victor Bartley.
16:51 of 1st period - James Wisniewski is hit by Derek Stepan and loses puck.
17:13 of 1st period - Off-side.
17:14 of 1st period - Stefan Ruzicka wins face-off versus David Desharnais in neutral zone.
17:19 of 1st period - Snap shot by Stefan Ruzicka.
17:19 of 1st period - Shot Blocked by Jake Gardiner.
17:21 of 1st period - Snap shot by Alex Killorn.
17:21 of 1st period - Shot Blocked by Keith Yandle.
17:30 of 1st period - Konstantin Pushkarev is hit by Stefan Ruzicka and loses puck.
18:18 of 1st period - Slapshot by Konstantin Pushkarev.
18:18 of 1st period - Shot Misses the Net.
18:20 of 1st period - Slapshot by Eric Tangradi.
18:20 of 1st period - Shot Misses the Net.
18:22 of 1st period - Slapshot by Matt Niskanen.
18:22 of 1st period - Stopped by Ray Emery with a rebound.
18:24 of 1st period - Backhand shot by Matt Niskanen.
18:24 of 1st period - Shot Misses the Net.
18:41 of 1st period - Snap shot by Konstantin Pushkarev.
18:41 of 1st period - Stopped by Ray Emery without a rebound.
18:42 of 1st period - Alex Killorn wins face-off versus Kevin Porter in Harfangs zone.
18:57 of 1st period - Wrist shot by Stefan Ruzicka.
18:57 of 1st period - Stopped by Cory Schneider with a rebound.
19:30 of 1st period - Keith Yandle is hit by Luca Caputi and loses puck.
19:55 of 1st period - Jake Gardiner is hit by Peter Olvecky.
Goals for this period are 1 for Sasquatch vs 2 for Harfangs.
Shots for this period are 8 for Sasquatch vs 11 for Harfangs.
2nd period
0:01 of 2nd period - Kevin Porter wins face-off versus Alex Killorn in neutral zone.
0:04 of 2nd period - Snap shot by Kevin Porter.
0:04 of 2nd period - Stopped by Ray Emery with a rebound.
0:10 of 2nd period - Wrist shot by Peter Olvecky.
0:10 of 2nd period - Shot Blocked by Kevin Shattenkirk.
0:12 of 2nd period - Slapshot by Victor Bartley.
0:12 of 2nd period - Stopped by Cory Schneider with a rebound.
0:14 of 2nd period - Slapshot by Victor Bartley.
0:14 of 2nd period - Stopped by Cory Schneider with a rebound.
0:16 of 2nd period - Backhand shot by Victor Bartley.
0:16 of 2nd period - Stopped by Cory Schneider with a rebound.
0:34 of 2nd period - Slapshot by Bates Battaglia.
0:34 of 2nd period - Shot Blocked by James Wisniewski.
0:54 of 2nd period - Wrist shot by Matt Keith.
0:54 of 2nd period - Shot Blocked by Rostislav Klesla.
1:17 of 2nd period - Wrist shot by Konstantin Pushkarev.
1:17 of 2nd period - Shot Misses the Net.
1:31 of 2nd period - Kevin Porter is hit by Peter Olvecky and loses puck.
1:36 of 2nd period - Wrist shot by Stefan Ruzicka.
1:36 of 2nd period - Stopped by Cory Schneider without a rebound.
1:37 of 2nd period - Derek Stepan wins face-off versus Petri Kontiola in Sasquatch zone.
1:50 of 2nd period - Slapshot by Matt Ellison.
1:50 of 2nd period - Stopped by Ray Emery with a rebound.
3:11 of 2nd period - Snap shot by Alex Killorn.
3:11 of 2nd period - Stopped by Cory Schneider without a rebound.
3:12 of 2nd period - Alex Killorn wins face-off versus Kevin Porter in Sasquatch zone.
3:42 of 2nd period - Slapshot by Bates Battaglia.
3:42 of 2nd period - Stopped by Ray Emery with a rebound.
3:44 of 2nd period - Wrist shot by Matt Ellison.
3:44 of 2nd period - Stopped by Ray Emery with a rebound.
4:02 of 2nd period - Slapshot by Matt Niskanen.
4:02 of 2nd period - Stopped by Ray Emery with a rebound.
4:04 of 2nd period - Snap shot by Matt Niskanen.
4:04 of 2nd period - Stopped by Ray Emery without a rebound.
4:05 of 2nd period - Krys Kolanos wins face-off versus Alex Killorn in Harfangs zone.
4:06 of 2nd period - Wrist shot by Andrew Gordon.
4:06 of 2nd period - Goal by Andrew Gordon - Sasquatch : 2 - Harfangs : 2.
4:07 of 2nd period - Kevin Porter wins face-off versus Alex Killorn in neutral zone.
5:13 of 2nd period - Wrist shot by Michal Repik.
5:13 of 2nd period - Stopped by Cory Schneider without a rebound.
5:14 of 2nd period - David Desharnais wins face-off versus Michal Repik in Sasquatch zone.
5:29 of 2nd period - Snap shot by James Wisniewski.
5:29 of 2nd period - Stopped by Cory Schneider with a rebound.
6:39 of 2nd period - Icing by Rostislav Klesla.
6:40 of 2nd period - Andrew Gordon wins face-off versus Boyd Gordon in Sasquatch zone.
7:05 of 2nd period - Bates Battaglia is hit by Stefan Ruzicka and loses puck.
7:12 of 2nd period - Bates Battaglia is hit by Brett Carson.
7:17 of 2nd period - Off-side.
7:18 of 2nd period - Petri Kontiola wins face-off versus Kevin Porter in neutral zone.
7:31 of 2nd period - Wrist shot by Janne Niskala.
7:31 of 2nd period - Stopped by Cory Schneider with a rebound.
7:33 of 2nd period - Slapshot by James Wisniewski.
7:33 of 2nd period - Shot Misses the Net.
7:45 of 2nd period - Alex Killorn is hit by Derek Stepan and loses puck.
8:02 of 2nd period - Snap shot by Matt Keith.
8:02 of 2nd period - Shot Misses the Net.
9:01 of 2nd period - Minor Penalty to Matt Niskanen for Holding.
9:02 of 2nd period - Alex Killorn wins face-off versus Kevin Porter in Sasquatch zone.
9:41 of 2nd period - Snap shot by David Desharnais.
9:41 of 2nd period - Shot Blocked by Petri Kontiola.
11:00 of 2nd period - Kevin Shattenkirk is hit by Boyd Gordon and loses puck.
11:01 of 2nd period - Penalty to Matt Niskanen is over, Matt Niskanen is back on ice.
11:20 of 2nd period - Off-side.
11:21 of 2nd period - Stephane Da Costa wins face-off versus Andrew Gordon in neutral zone.
11:24 of 2nd period - Jake Gardiner is hit by Nick Holden.
11:55 of 2nd period - Bates Battaglia is hit by Janne Niskala and loses puck.
12:10 of 2nd period - Victor Bartley is hit by Eric Tangradi and loses puck.
12:19 of 2nd period - Eric Tangradi is hit by Dustin Jeffrey and loses puck.
12:27 of 2nd period - Icing by Matt Niskanen.
12:28 of 2nd period - Alex Killorn wins face-off versus Matt Beleskey in Sasquatch zone.
12:31 of 2nd period - Snap shot by Stefan Ruzicka.
12:31 of 2nd period - Shot Misses the Net.
12:45 of 2nd period - Minor Penalty to Krys Kolanos for Hooking.
12:46 of 2nd period - Kevin Porter wins face-off versus Alex Killorn in Sasquatch zone.
13:20 of 2nd period - Slapshot by James Wisniewski.
13:20 of 2nd period - Deflect By Pavel Vorobiev.
13:20 of 2nd period - Shot Blocked by Matt Niskanen.
13:20 of 2nd period - Puck is out of play.
13:21 of 2nd period - Kevin Porter wins face-off versus Peter Olvecky in Sasquatch zone.
13:54 of 2nd period - Keith Yandle is hit by Alex Killorn.
14:45 of 2nd period - Penalty to Krys Kolanos is over, Krys Kolanos is back on ice.
15:04 of 2nd period - Wrist shot by Bates Battaglia.
15:04 of 2nd period - Shot Blocked by Brett Carson.
15:06 of 2nd period - Slapshot by Rostislav Klesla.
15:06 of 2nd period - Stopped by Ray Emery with a rebound.
15:08 of 2nd period - Wrist shot by Eric Tangradi.
15:08 of 2nd period - Deflect By James Wisniewski.
15:08 of 2nd period - Shot Misses the Net.
15:08 of 2nd period - Puck is out of play.
15:09 of 2nd period - Stephane Da Costa wins face-off versus Derek Stepan in Harfangs zone.
15:15 of 2nd period - Off-side.
15:16 of 2nd period - Derek Stepan wins face-off versus Angelo Esposito in neutral zone.
15:19 of 2nd period - Matt Keith is hit by Matt Ellison and loses puck.
16:02 of 2nd period - Keith Yandle is hit by Michal Repik and loses puck.
16:09 of 2nd period - Snap shot by Boyd Gordon.
16:09 of 2nd period - Shot Blocked by Kevin Porter.
16:11 of 2nd period - Slapshot by Victor Bartley.
16:11 of 2nd period - Deflect By Luca Caputi.
16:11 of 2nd period - Stopped by Cory Schneider with a rebound.
16:45 of 2nd period - Snap shot by Dustin Jeffrey.
16:45 of 2nd period - Stopped by Cory Schneider with a rebound.
16:57 of 2nd period - Wrist shot by Keith Yandle.
16:57 of 2nd period - Deflect By Peter Olvecky.
16:57 of 2nd period - Stopped by Ray Emery with a rebound.
16:59 of 2nd period - Slapshot by Konstantin Pushkarev.
16:59 of 2nd period - Shot Misses the Net.
17:13 of 2nd period - Victor Bartley is hit by Krys Kolanos and loses puck.
17:18 of 2nd period - Wrist shot by Krys Kolanos.
17:18 of 2nd period - Shot Misses the Net.
17:20 of 2nd period - Slapshot by Keith Yandle.
17:20 of 2nd period - Deflect By Andrew Gordon.
17:20 of 2nd period - Shot Blocked by Victor Bartley.
17:20 of 2nd period - Puck is out of play.
17:21 of 2nd period - Derek Stepan wins face-off versus Petri Kontiola in Harfangs zone.
17:22 of 2nd period - Backhand shot by Matt Niskanen.
17:22 of 2nd period - Stopped by Ray Emery with a rebound.
17:24 of 2nd period - Snap shot by Derek Stepan.
17:24 of 2nd period - Stopped by Ray Emery with a rebound.
17:26 of 2nd period - Wrist shot by Bates Battaglia.
17:26 of 2nd period - Stopped by Ray Emery with a rebound.
17:28 of 2nd period - Snap shot by Derek Stepan.
17:28 of 2nd period - Deflect By Bates Battaglia.
17:28 of 2nd period - Shot Blocked by Petri Kontiola.
17:28 of 2nd period - Puck is out of play.
17:29 of 2nd period - Derek Stepan wins face-off versus Petri Kontiola in Harfangs zone.
17:38 of 2nd period - Slapshot by Kevin Shattenkirk.
17:38 of 2nd period - Shot Blocked by Nick Holden.
17:42 of 2nd period - Wrist shot by Bates Battaglia.
17:42 of 2nd period - Stopped by Ray Emery with a rebound.
17:56 of 2nd period - Slapshot by Stefan Ruzicka.
17:56 of 2nd period - Stopped by Cory Schneider with a rebound.
18:33 of 2nd period - Slapshot by Matt Keith.
18:33 of 2nd period - Stopped by Cory Schneider with a rebound.
18:35 of 2nd period - Snap shot by Stephane Da Costa.
18:35 of 2nd period - Stopped by Cory Schneider without a rebound.
18:36 of 2nd period - Kevin Porter wins face-off versus Stephane Da Costa in Sasquatch zone.
18:51 of 2nd period - Slapshot by Brett Carson.
18:51 of 2nd period - Stopped by Cory Schneider with a rebound.
19:37 of 2nd period - Pavel Vorobiev is hit by Andrew Gordon and loses puck.
19:43 of 2nd period - Icing by Victor Bartley.
19:44 of 2nd period - Petri Kontiola wins face-off versus Kevin Porter in Harfangs zone.
Goals for this period are 1 for Sasquatch vs 0 for Harfangs.
Shots for this period are 13 for Sasquatch vs 14 for Harfangs.
3rd period
0:01 of 3rd period - Alex Killorn wins face-off versus Kevin Porter in neutral zone.
0:06 of 3rd period - Slapshot by Victor Bartley.
0:06 of 3rd period - Shot Misses the Net.
0:14 of 3rd period - Snap shot by Kevin Porter.
0:14 of 3rd period - Shot Misses the Net.
0:26 of 3rd period - James Wisniewski is hit by Rostislav Klesla and loses puck.
0:56 of 3rd period - Pavel Vorobiev is hit by Keith Yandle and loses puck.
1:35 of 3rd period - Sasha Pokulok is hit by Matt Niskanen and loses puck.
1:59 of 3rd period - Sasha Pokulok is hit by Rostislav Klesla.
2:45 of 3rd period - Wrist shot by Kevin Porter.
2:45 of 3rd period - Stopped by Ray Emery without a rebound.
2:46 of 3rd period - Kevin Porter wins face-off versus Alex Killorn in Harfangs zone.
3:11 of 3rd period - Snap shot by D.J King.
3:11 of 3rd period - Deflect By Kevin Porter.
3:11 of 3rd period - Stopped by Ray Emery with a rebound.
3:13 of 3rd period - Wrist shot by Kevin Porter.
3:13 of 3rd period - Shot Misses the Net.
3:15 of 3rd period - Slapshot by Matt Niskanen.
3:15 of 3rd period - Deflect By Cam Atkinson.
3:15 of 3rd period - Shot Misses the Net.
3:15 of 3rd period - Puck is out of play.
3:16 of 3rd period - Petri Kontiola wins face-off versus Derek Stepan in Harfangs zone.
3:16 of 3rd period - Petri Kontiola is hit by Bates Battaglia.
3:38 of 3rd period - Minor Penalty to Pavel Vorobiev for Hooking.
3:39 of 3rd period - Petri Kontiola wins face-off versus Kevin Porter in Harfangs zone.
3:56 of 3rd period - Icing by Bates Battaglia.
3:57 of 3rd period - Petri Kontiola wins face-off versus Kevin Porter in Sasquatch zone.
4:16 of 3rd period - Snap shot by Konstantin Pushkarev.
4:16 of 3rd period - Shot Blocked by James Wisniewski.
4:18 of 3rd period - Slapshot by Matt Niskanen.
4:18 of 3rd period - Shot Misses the Net.
4:34 of 3rd period - Snap shot by Kevin Porter.
4:34 of 3rd period - Goal by Kevin Porter - Sasquatch : 3 - Harfangs : 2.
4:35 of 3rd period - Stephane Da Costa wins face-off versus Krys Kolanos in neutral zone.
4:40 of 3rd period - Snap shot by Stephane Da Costa.
4:40 of 3rd period - Shot Misses the Net.
4:42 of 3rd period - Snap shot by Angelo Esposito.
4:42 of 3rd period - Stopped by Cory Schneider with a rebound.
4:44 of 3rd period - Wrist shot by Stephane Da Costa.
4:44 of 3rd period - Deflect By Matt Keith.
4:44 of 3rd period - Shot Blocked by Krys Kolanos.
4:44 of 3rd period - Puck is out of play.
4:45 of 3rd period - Stephane Da Costa wins face-off versus Krys Kolanos in Sasquatch zone.
4:49 of 3rd period - Minor Penalty to Matt Beleskey for Tripping.
4:50 of 3rd period - Alex Killorn wins face-off versus Kevin Porter in Sasquatch zone.
5:04 of 3rd period - Wrist shot by Kevin Porter.
5:04 of 3rd period - Goal by Kevin Porter - Sasquatch : 4 - Harfangs : 2.
5:05 of 3rd period - Alex Killorn wins face-off versus Kevin Porter in neutral zone.
5:08 of 3rd period - Snap shot by Alex Killorn.
5:08 of 3rd period - Shot Misses the Net.
6:49 of 3rd period - Penalty to Matt Beleskey is over, Matt Beleskey is back on ice.
6:56 of 3rd period - Snap shot by Matt Ellison.
6:56 of 3rd period - Shot Misses the Net.
8:05 of 3rd period - Minor Penalty to Keith Yandle for Tripping.
8:06 of 3rd period - Alex Killorn wins face-off versus Kevin Porter in Sasquatch zone.
8:09 of 3rd period - Wrist shot by Alex Killorn.
8:09 of 3rd period - Deflect By Stefan Ruzicka.
8:09 of 3rd period - Stopped by Cory Schneider without a rebound.
8:10 of 3rd period - Kevin Porter wins face-off versus Alex Killorn in Sasquatch zone.
8:21 of 3rd period - Slapshot by Stefan Ruzicka.
8:21 of 3rd period - Shot Blocked by Rostislav Klesla.
8:23 of 3rd period - Wrist shot by Peter Olvecky.
8:23 of 3rd period - Shot Misses the Net.
8:25 of 3rd period - Wrist shot by James Wisniewski.
8:25 of 3rd period - Stopped by Cory Schneider with a rebound.
8:41 of 3rd period - Slapshot by Brett Carson.
8:41 of 3rd period - Stopped by Cory Schneider without a rebound.
8:42 of 3rd period - Stefan Ruzicka wins face-off versus David Desharnais in Sasquatch zone.
8:47 of 3rd period - Snap shot by Stefan Ruzicka.
8:47 of 3rd period - Goal by Stefan Ruzicka - Sasquatch : 4 - Harfangs : 3.
8:48 of 3rd period - Alex Killorn wins face-off versus Kevin Porter in neutral zone.
8:53 of 3rd period - Snap shot by Stefan Ruzicka.
8:53 of 3rd period - Shot Misses the Net.
8:55 of 3rd period - Slapshot by Alex Killorn.
8:55 of 3rd period - Shot Misses the Net.
9:38 of 3rd period - Andrew Gordon is hit by Janne Niskala and loses puck.
9:45 of 3rd period - Nick Holden is hit by Matt Beleskey and loses puck.
10:11 of 3rd period - Snap shot by Eric Tangradi.
10:11 of 3rd period - Stopped by Ray Emery with a rebound.
10:13 of 3rd period - Slapshot by Konstantin Pushkarev.
10:13 of 3rd period - Stopped by Ray Emery with a rebound.
10:31 of 3rd period - Wrist shot by Dustin Jeffrey.
10:31 of 3rd period - Stopped by Cory Schneider with a rebound.
10:33 of 3rd period - Wrist shot by Pavel Vorobiev.
10:33 of 3rd period - Deflect By Petri Kontiola.
10:33 of 3rd period - Stopped by Cory Schneider with a rebound.
10:39 of 3rd period - Minor Penalty to Kevin Shattenkirk for Tripping.
10:40 of 3rd period - Alex Killorn wins face-off versus Kevin Porter in Sasquatch zone.
11:35 of 3rd period - Slapshot by James Wisniewski.
11:35 of 3rd period - Shot Blocked by Jake Gardiner.
11:57 of 3rd period - Janne Niskala is hit by Eric Tangradi and loses puck.
12:39 of 3rd period - Penalty to Kevin Shattenkirk is over, Kevin Shattenkirk is back on ice.
12:59 of 3rd period - Yann Sauvé is hit by Stephane Da Costa and loses puck.
13:10 of 3rd period - Yann Sauvé is hit by Boyd Gordon and loses puck.
13:53 of 3rd period - Wrist shot by Cam Atkinson.
13:53 of 3rd period - Shot Misses the Net.
13:55 of 3rd period - Slapshot by Cam Atkinson.
13:55 of 3rd period - Deflect By Kevin Porter.
13:55 of 3rd period - Shot Misses the Net.
13:55 of 3rd period - Puck is out of play.
13:56 of 3rd period - D.J King wins face-off versus Petri Kontiola in Harfangs zone.
14:19 of 3rd period - Matt Niskanen is hit by Stefan Ruzicka.
14:23 of 3rd period - Janne Niskala is hit by Andrew Gordon.
14:27 of 3rd period - Snap shot by Stefan Ruzicka.
14:27 of 3rd period - Stopped by Cory Schneider with a rebound.
14:39 of 3rd period - Angelo Esposito is hit by David Desharnais and loses puck.
14:44 of 3rd period - Snap shot by David Desharnais.
14:44 of 3rd period - Stopped by Ray Emery with a rebound.
15:03 of 3rd period - Victor Bartley is hit by Bates Battaglia and loses puck.
15:42 of 3rd period - Peter Olvecky is hit by Krys Kolanos and loses puck.
15:49 of 3rd period - James Wisniewski is hit by Jake Gardiner and loses puck.
16:02 of 3rd period - Snap shot by Derek Stepan.
16:02 of 3rd period - Stopped by Ray Emery with a rebound.
16:14 of 3rd period - Wrist shot by Pavel Vorobiev.
16:14 of 3rd period - Stopped by Cory Schneider with a rebound.
16:16 of 3rd period - Wrist shot by Pavel Vorobiev.
16:16 of 3rd period - Shot Misses the Net.
16:18 of 3rd period - Wrist shot by Dustin Jeffrey.
16:18 of 3rd period - Stopped by Cory Schneider with a rebound.
16:20 of 3rd period - Snap shot by Dustin Jeffrey.
16:20 of 3rd period - Deflect By Pavel Vorobiev.
16:20 of 3rd period - Stopped by Cory Schneider with a rebound.
16:26 of 3rd period - Minor Penalty to Konstantin Pushkarev for High sticking.
16:27 of 3rd period - Kevin Porter wins face-off versus Alex Killorn in Sasquatch zone.
16:40 of 3rd period - Snap shot by Peter Olvecky.
16:40 of 3rd period - Shot Misses the Net.
18:26 of 3rd period - Penalty to Konstantin Pushkarev is over, Konstantin Pushkarev is back on ice.
18:43 of 3rd period - Harfangs, Ray Emery is pulled from the net.
19:36 of 3rd period - Icing by Yann Sauvé.
19:37 of 3rd period - Petri Kontiola wins face-off versus Kevin Porter in Sasquatch zone.
Goals for this period are 2 for Sasquatch vs 1 for Harfangs.
Shots for this period are 8 for Sasquatch vs 11 for Harfangs.
Output by the SimonT Hockey Simulator (STHS) for François Prévost -- Original Page W3C XHTML 1.0 Valid